 Dungeon Crawl Stone Soup version 0.26-a0-837-g5a8a614f01 (webtiles) character file.

Game seed: 3616962816480104225

52 Morbidden the Charlatan (level 3, 13/26 HPs)
             Began as a Demonspawn Artificer on Nov 18, 2020.
             Quit the game on level 3 of the Dungeon.
             The game lasted 00:03:29 (3161 turns).

Morbidden the Charlatan (Demonspawn Artificer)      Turns: 3161, Time: 00:03:29

Health: 13/26      AC:  5    Str: 12    XL:     3   Next: 60%
Magic:  3/3        EV: 12    Int: 13    God:
Gold:   187        SH:  5    Dex: 13    Spells: 2/2 levels left

rFire    . . .     SeeInvis .     - Unarmed
rCold    . . .     Faith    .   (no shield)
rNeg     . . .     Spirit   .   b - +0 leather armour
rPois    .         Reflect  +   (no helmet)
rElec    .         Harm     .   (no cloak)
rCorr    +         Rampage  .   m - +0 pair of gloves
MR       .....                  n - +0 pair of boots (curse)
Stlth    ..........             i - amulet of reflection
HPRegen  0.08/turn              j - ring of attention (curse)
MPRegen  0.08/turn              q - ring of resist corrosion

@: no status effects
A: hooves 1, powered by pain 1
a: no special abilities


You were on level 3 of the Dungeon.
You visited 1 branch of the dungeon, and saw 3 of its levels.

You collected 187 gold pieces.

Inventory:

Armour
 b - a +0 leather armour (worn)
 m - a +0 pair of gloves (worn)
 n - a cursed +0 pair of boots (worn)
Jewellery
 i - an amulet of reflection (around neck)
 j - a cursed ring of attention (left hand)
 q - a ring of resist corrosion (right hand)
Wands
 c - a wand of flame (12)
 d - a wand of enslavement (12)
 e - a wand of random effects (8)
Scrolls
 g - a scroll of identify
 l - 2 scrolls of teleportation {unknown}
 r - a scroll of fear {unknown}
Potions
 a - 2 potions of brilliance {unknown}
 f - a potion of berserk rage {unknown}
 h - a potion of might {unknown}
 k - a potion of heal wounds {unknown}
 o - a potion of flight {unknown}
 p - a potion of attraction {unknown}


   Skills:
 + Level 1.3 Fighting
 + Level 2.3 Armour
 + Level 1.6 Dodging
 + Level 0.8 Stealth
 + Level 0.2 Shields
 + Level 1.1 Unarmed Combat
 + Level 3.3 Evocations


You had 2 spell levels left.
You didn't know any spells.
Your spell library was empty.

Dungeon Overview and Level Annotations

Branches:
Dungeon (3/15)

Altars:
Nemelex Xobeh


Innate Abilities, Weirdness & Mutations

You have large cloven feet.
You sometimes gain a little power by taking damage.


Message History

The worm struggles to resist.
Unknown command.
Evoke which item? (* to show all) (? for menu, Esc to quit)
You don't have any such object.
Evoke which item? (* to show all) (? for menu, Esc to quit)
Okay, then.
Evoke which item? (* to show all) (? for menu, Esc to quit)
You don't have any such object.
Evoke which item? (* to show all) (? for menu, Esc to quit)
Okay, then.
Unknown command.
Evoke which item? (* to show all) (? for menu, Esc to quit)
You don't have any such object.
Evoke which item? (* to show all) (? for menu, Esc to quit)
Huh?
Evoke which item? (* to show all) (? for menu, Esc to quit)
Okay, then.
Unknown command.
Okay, then.
Are you sure you want to abandon this character and quit the game? (Confirm with "yes".)

####
#..#.##)# #
#..#.##.##
.....##..#
##..#####g#
#..# #w# #.#
#.# #
...####.#.#.#
#...$..@....#
##.####.#.###
#.#.# ... #
#.# #.# ..#
###


You could see a worm and a hobgoblin.

Vanquished Creatures
  2 adders
  A worm (D:2)
  A dart slug (D:1)
  2 ball pythons (D:1)
  3 bats
  A giant cockroach (D:3)
  3 goblins
  3 hobgoblins
  4 jackals (D:2)
  3 frilled lizards (D:1)
  3 kobolds
  4 rats
30 creatures vanquished.

Vanquished Creatures (others)
  A kobold (D:3)
  A rat (D:3)
2 creatures vanquished.

Grand Total: 32 creatures vanquished

Notes
Turn   | Place    | Note
-------+----------+-------------------------------------------
     0 | D:1      | Morbidden the Demonspawn Artificer began the quest for the
                  | Orb.
     0 | D:1      | Reached XP level 1. HP: 15/15 MP: 1/1
   525 | D:1      | Gained mutation: You have large cloven feet. [demonic
                  | ancestry]
   525 | D:1      | Reached XP level 2. HP: 14/21 MP: 2/2
  1381 | D:2      | Reached skill level 1 in Dodging
  1502 | D:2      | Found a faded altar of an unknown god.
  1549 | D:2      | Gained mutation: You sometimes gain a little power by
                  | taking damage. [demonic ancestry]
  1549 | D:2      | Reached XP level 3. HP: 24/26 MP: 3/3
  1574 | D:2      | Reached skill level 1 in Unarmed Combat
  2290 | D:2      | Found a sparkling altar of Nemelex Xobeh.
  3161 | D:3      | Quit the game

Illustrated notes

Levels and vault maps discovered:
D:1:      roderic_octagonal_star, layout_basic
D:2:      layout_basic, chequers_ecumenical_altar_twisty,
          nemelex_lonely_heart_becter
D:3:      layout_loops_ring, chequers_garden

Skill      XL: |  1  2  3 |
---------------+----------+-----
Armour         | 2 |  2.3
Dodging        | 1 |  1.6
Unarmed Combat | 1 |  1.1
Fighting       | |  1.3
Stealth        | |  0.8
Shields        | |  0.2
Evocations     | |  3.3

Action                   || total
-------------------------++-------
Melee: Unarmed           ||   215
Evoke: Wand              ||    13
  Use: Scroll            ||     1
 Stab: Paralysed         ||    11
Armor: Leather armour    ||    59
Dodge: Dodged            ||   102
Block: Other             ||    42

Table legend: (Time is in decaauts)
 A = Elapsed time spent in this place.
 B = Non-inter-level travel time spent in this place.
 C = Inter-level travel time spent in this place.
 D = Time resting spent in this place.
 E = Time spent auto-exploring this place.
 F = Levels seen in this place.
 G = Mean time per level.
                   A        B        C        D        E       F      G
               +--------+--------+--------+--------+--------+-----+--------+
         Total |   3158 |   3072 |     86 |    244 |   2382 |   3 | 1052.7 |
       Dungeon |   3158 |   3072 |     86 |    244 |   2382 |   3 | 1052.7 |
               +--------+--------+--------+--------+--------+-----+--------+

Top non-repeatable levels by time:
     D:2: 1632 daAuts
     D:1: 1221 daAuts
     D:3: 304 daAuts
